 Dungeon Crawl Stone Soup version 0.22-a0-417-g1387785b41 (webtiles) character file.

12007 RaHiT the Frost Mage (level 11, -22/73 (74) HPs)
             Began as a Pale Draconian Ice Elementalist on May 15, 2018.
             Was a Believer of Vehumet.
             Killed from afar by a tengu reaver (32 damage)
             ... with a bolt of lightning
             ... on level 11 of the Dungeon.
             The game lasted 01:20:38 (12620 turns).

RaHiT the Frost Mage (DrIE)                        Turns: 12620, Time: 01:20:38

HP:   -22/73 (74)   AC: 23    Str: 15    XL:     11   Next: 56%
MP:   20/26         EV: 11    Int: 27    God:    Vehumet [**....]
Gold: 818           SH:  4    Dex: 12    Spells: 21/33 levels left

rFire    . . .     SeeInvis .   a - +2 dagger (venom)
rCold    . . .     Gourm    .   r - +1 buckler {rPois}
rNeg     . . .     Faith    .   (armour unavailable)
rPois    +         Spirit   .   (helmet restricted)
rElec    .         Reflect  .   L - +2 cloak
rCorr    .         Harm     .   x - +0 pair of gloves "Fishoeh" {Int+8}
MR       .....                  (no boots)
Stlth    ++........             h - amulet of rage
HPRegen  0.22/turn              R - +5 ring of strength
MPRegen  0.20/turn              B - +3 ring of protection

@: icy armour, very slightly contaminated, slowed, very slow
A: breathe steam, unfitting armour, cold-blooded, AC +7
a: Breathe Steam, Renounce Religion, Evoke Berserk Rage


You were on level 11 of the Dungeon.
You worshipped Vehumet.
Vehumet was pleased with you.
You were very hungry.

You visited 2 branches of the dungeon, and saw 12 of its levels.
You also visited: Bailey.

You collected 1036 gold pieces.
You spent 218 gold pieces at shops.

Inventory:

Hand Weapons
 a - a +2 dagger of venom (weapon)
Missiles
 j - 38 tomahawks of returning
 y - 19 tomahawks
 z - 2 silver tomahawks
 H - 4 throwing nets
 K - 4 tomahawks of dispersal
 P - 5 javelins (quivered)
Armour
 r - a +1 buckler of poison resistance (worn)
 x - the +0 pair of gloves "Fishoeh" (worn) {Int+8}
   (You bought it in a shop on level 5 of the Dungeon)

   It affects your intelligence (+8).
 L - a +2 cloak (worn)
Jewellery
 h - an amulet of rage (around neck)
 B - a +3 ring of protection (right hand)
 Q - an uncursed ring of see invisible
 R - a +5 ring of strength (left hand)
Wands
 C - a wand of random effects (31)
 J - a wand of scattershot (6)
 T - a wand of clouds (4)
 U - a wand of flame (33)
Scrolls
 b - 2 scrolls of identify
 d - 7 scrolls of teleportation
 f - 2 scrolls of enchant armour
 i - a scroll of remove curse
 l - 4 scrolls of blinking
 n - 3 scrolls of enchant weapon {unknown}
 o - 2 scrolls of fear
 t - a scroll of vulnerability {unknown}
 w - a scroll of immolation
 E - a scroll of fog {unknown}
 I - a scroll of silence {unknown}
 S - a scroll of random uselessness {unknown}
 W - a scroll of brand weapon {unknown}
 X - a scroll of noise {unknown}
Potions
 c - 2 potions of curing
 e - 3 potions of flight
 g - 3 potions of degeneration
 k - a potion of haste {unknown}
 m - 2 potions of cancellation {unknown}
 p - 2 potions of brilliance
 q - 2 potions of agility {unknown}
 s - a potion of mutation {unknown}
 v - 2 potions of might {unknown}
 D - a potion of resistance {unknown}
 G - a potion of berserk rage {unknown}
 N - a potion of lignification {unknown}
 O - 2 potions of heal wounds {unknown}
Comestibles
 M - 13 rations


   Skills:
 - Level 2.0 Dodging
 - Level 2.0 Stealth
 * Level 11.9 Spellcasting
 - Level 1.0 Conjurations
 - Level 13.2 Ice Magic


You had 21 spell levels left.
You knew the following spells:

 Your Spells              Type           Power        Failure   Level  Hunger
a - Freeze                Ice            ####         1%          1    None
b - Summon Ice Beast      Ice/Summ       ######..     3%          4    None
c - Ozocubu's Armour      Chrm/Ice       ######..     1%          3    None
d - Throw Icicle          Conj/Ice       ######..     3%          4    None

Your spell library contained the following spells:

 Spells                   Type           Power        Failure   Level  Hunger
 Magic Dart               Conj           ###.         4%          1    None
 Bolt of Magma            Conj/Fire/Erth ###.......   82%         5    ###....
 Throw Frost              Conj/Ice       ######       1%          2    None
 Iskenderun's Mystic Bla  Conj           ###.....     36%         4    None
 Iron Shot                Conj/Erth      ###.......   100%        6    #####..
 Statue Form              Tmut/Erth      ###......    100%        6    #####..
 Shatter                  Erth           ###.......   100%        9    #######
 Leda's Liquefaction      Hex/Erth       ###.......   52%         4    None
 Fulminant Prism          Conj/Hex       ###.......   43%         4    None
 Dazzling Spray           Conj/Hex       ###...       14%         3    None
 Force Lance              Conj/Tloc      ###.....     43%         4    None
 Searing Ray              Conj           ###...       6%          2    None


Dungeon Overview and Level Annotations

Branches:
Dungeon (11/15)            Temple (1/1) D:5            Lair (0/6) D:10
    Orc (0/2) D:9

Altars:
Ashenzari
Cheibriados
Dithmenos
Elyvilon
Fedhas
Gozag
Hepliaklqana
Kikubaaqudgha
Makhleb
Nemelex Xobeh
Okawaru
Qazlal
Ru
Sif Muna
Trog
Uskayaw
Vehumet
Wu Jian
Xom
Yredelemnul
Zin
The Shining One

Shops:
D:5 [   D:8 (   D:9 %[


Innate Abilities, Weirdness & Mutations

You can breathe blasts of scalding, opaque steam.
Your pale cyan-grey scales are hard. (AC +7)
You cannot fit into any form of body armour.
You are cold-blooded and may be slowed by cold attacks.


Message History

Press: ? - help, v - describe, . - travel
Here: a tengu reaver, wielding a dire flail and wearing a runed ring mail The floor.
Unknown command.
Okay, then.
Press: ? - help, v - describe, . - travel
Here: a tengu reaver, wielding a dire flail and wearing a runed ring mail The floor.
Blink to where?
Press: ? - help, Dir - move target cursor You are very lightly contaminated with residual magic.
As you read the scroll of blinking, it crumbles to dust.
The tengu reaver casts a spell at you. The freezing blast misses you.
You are engulfed in freezing vapours.
You feel as though you will be slow longer.
* * * LOW HITPOINT WARNING * * *
The tengu reaver casts a spell at you. The bolt of lightning hits you!
You die...

#.#...#.#.# *,# ****,,,,,,,
#.#.......# *.# *,,,,,,,,,,
#.#......§#####.####.##*..,,,,
#.##...>..§§.........,.#.,,,,,
#.##..^..§§......$.#,,...,,,,,
#........§..Y......####.###*,*
####........Q.............,,,*
#........§§§....####.####**
#........§@§....#.......###
#.......§§§§...............
#.....................#.##.
######..........#.###.#.#*.
#..........#.....#.#*.
#..........#####...#..
##########.........#..
*,,,..######.##..
*,,........#.##..


You could see a tengu reaver and a friendly ice beast.

Vanquished Creatures
  A two-headed ogre (D:8)
  Sonja (D:10)
  Pikel (D:7)
  A cyclops (D:11)
  Joseph (D:7)
  A troll (D:10)
  The ghost of TryExcept the Cudgeler, an amateur DsAK of Lugonu (D:4)
  Prince Ribbit (D:7)
  A hippogriff (D:10)
  Sigmund (D:6)
  2 wraiths
  A yak (D:8)
  A wyvern (D:10)
  Grum (D:10)
  A steam dragon (D:9)
  3 hungry ghosts
  A water moccasin (D:10)
  A soldier ant (D:10)
  6 orc warriors
  A black bear (D:10)
  2 slaves (D:7)
  A phantom (D:8)
  5 sky beasts
  5 ice beasts
  A necrophage (D:8)
  3 ogres (D:7)
  4 wolves (D:10)
  A centaur (D:6)
  A crocodile (D:8)
  2 big kobolds
  3 bullfrogs
  2 gnoll sergeants
  A scorpion (D:7)
  6 killer bees
  3 electric eels
  5 howler monkeys
  4 crimson imps
  3 centaur zombies
  6 hounds
  A quasit (D:8)
  A centaur skeleton (D:5)
  5 jellies
  A gnoll shaman (D:6)
  5 orc priests
  2 bullfrog skeletons
  2 iguanas
  7 worker ants
  Natasha (D:3)
  8 orc wizards
  A worker ant zombie (D:7)
  18 gnolls
  13 adders
  A howler monkey skeleton (D:5)
  2 shadow imps
  An ooze (D:3)
  An adder zombie (D:8)
  3 adder skeletons
  A worm (D:2)
  2 dart slugs
  4 leopard geckos
  44 orcs
  A ball python (D:1)
  5 bats
  6 giant cockroaches
  9 goblins
  9 hobgoblins
  13 jackals
  8 quokkas
  A ball python skeleton (D:4)
  8 frilled lizards
  17 kobolds
  A quokka skeleton (D:4)
  A quokka zombie (D:7)
  6 rats
295 creatures vanquished.

Vanquished Creatures (collateral kills)
  The ghost of tmwh the Cleaver, a novice HOFi of Okawaru (D:6)
  An ugly thing (D:11)
  Grinder (D:6)
  A hornet (D:11)
  3 hippogriffs
  5 yaks (D:9)
  An acid dragon (D:9)
  2 orc warriors (Bailey)
  An ogre (D:9)
  A wolf (D:10)
  2 howler monkeys
  A crimson imp (D:11)
  A gnoll (D:9)
  4 orcs (D:9)
  A hobgoblin (Bailey)
  6 kobolds
32 creatures vanquished.

Vanquished Creatures (others)
  A slave (D:7)
  A bullfrog (D:7)
2 creatures vanquished.

Grand Total: 329 creatures vanquished

Notes
Turn   | Place    | Note
-------+----------+-------------------------------------------
     0 | D:1      | RaHiT the Draconian Ice Elementalist began the quest for the Orb.
     0 | D:1      | Reached XP level 1. HP: 14/14 MP: 3/3
   141 | D:1      | Reached XP level 2. HP: 18/20 MP: 0/5
   776 | D:2      | Reached XP level 3. HP: 23/26 MP: 0/7
   979 | D:2      | Found a shimmering altar of Xom.
   998 | D:2      | Reached XP level 4. HP: 33/33 MP: 1/9
  1281 | D:3      | Noticed a hand axe
  1281 | D:3      | Noticed a dagger
  1282 | D:3      | Found a hide-covered altar of Uskayaw.
  1404 | D:3      | Noticed Natasha
  1521 | D:3      | Learned a level 4 spell: Summon Ice Beast
  1532 | D:3      | Learned a level 3 spell: Ozocubu's Armour
  1599 | D:3      | Reached skill level 4 in Ice Magic
  1599 | D:3      | Reached XP level 5. HP: 29/38 MP: 6/11
  1869 | D:3      | Reached skill level 5 in Ice Magic
  1934 | D:3      | Reached XP level 6. HP: 36/45 MP: 10/12
  2224 | D:4      | Learned a level 4 spell: Throw Icicle
  2311 | D:4      | Reached skill level 6 in Ice Magic
  2670 | D:4      | Noticed TryExcept's ghost (amateur DsAK)
  2727 | D:5      | Entered Level 5 of the Dungeon
  2859 | D:5      | Your scales start taking on a pale cyan-grey colour.
  2859 | D:5      | Reached XP level 7. HP: 45/50 MP: 11/13
  2969 | D:5      | Reached skill level 7 in Ice Magic
  3034 | D:5      | Noticed a wraith
  3041 | D:5      | Killed a wraith
  3183 | D:5      | Reached skill level 8 in Ice Magic
  3273 | D:5      | Found Penneteu's Antique Armour Boutique.
  3281 | D:5      | Bought a pair of fine gloves for 218 gold pieces
  3286 | D:5      | Identified the cursed +0 pair of gloves "Fishoeh" {Int+8} (You bought it in a shop on level 5 of the Dungeon)
  3532 | D:5      | Found a staircase to the Ecumenical Temple.
  3544 | Temple   | Entered the Ecumenical Temple
  3692 | D:6      | Noticed tmwh's ghost (novice HOFi)
  3697 | D:6      | Reached XP level 8. HP: 57/57 MP: 14/14
  3700 | D:6      | Reached skill level 9 in Ice Magic
  4224 | D:6      | Reached skill level 10 in Ice Magic
  4282 | D:6      | Noticed Sigmund
  4304 | D:6      | Killed Sigmund
  4473 | D:6      | Found a hide-covered altar of Uskayaw.
  4476 | D:6      | Noticed Grinder
  4528 | D:6      | Killed Grinder
  4528 | D:6      | Reached skill level 11 in Ice Magic
  4591 | D:6      | Killed tmwh's ghost
  4591 | D:6      | Reached XP level 9. HP: 47/62 MP: 4/15
  5392 | D:7      | Noticed Joseph
  5405 | D:7      | Noticed Pikel
  5430 | D:7      | Killed Pikel
  5430 | D:7      | Reached skill level 12 in Ice Magic
  5544 | D:7      | Found a sparkling altar of Nemelex Xobeh.
  5545 | D:7      | Found an opulent altar of Gozag.
  6080 | D:7      | Killed Joseph
  6080 | D:7      | Reached skill level 13 in Ice Magic
  6161 | D:7      | Noticed Prince Ribbit
  6171 | D:7      | Killed Prince Ribbit
  6251 | D:7      | Reached skill level 5 in Spellcasting
  6328 | D:7      | Reached XP level 10. HP: 69/69 MP: 15/17
  6648 | D:4      | Killed TryExcept's ghost
  6955 | D:3      | Killed Natasha
  7399 | D:8      | Found Duzaujugh's Weapon Boutique.
  7448 | D:8      | Noticed a two-headed ogre
  7565 | D:8      | Killed a two-headed ogre
  8826 | D:9      | Found Oplodoh's Food Boutique.
  8844 | D:9      | Found a staircase to the Orcish Mines.
  8844 | D:9      | Found Nomnorank's Armour Emporium.
  8916 | D:9      | Found an ancient bone altar of Kikubaaqudgha.
  8919 | D:9      | Found a glowing silver altar of Zin.
  8927 | D:9      | Found a radiant altar of Vehumet.
  8935 | D:9      | Became a worshipper of Vehumet
  8942 | D:9      | Found a blossoming altar of Fedhas.
  8948 | D:9      | Found a shattered altar of Ashenzari.
  9144 | D:10     | Entered Level 10 of the Dungeon
  9276 | D:10     | Found an ancient bone altar of Kikubaaqudgha.
  9315 | D:10     | Noticed Grum
  9495 | D:10     | Killed Grum
  9557 | D:10     | Reached XP level 11. HP: 32/73 MP: 13/24
  9560 | D:10     | Reached skill level 10 in Spellcasting
 10548 | D:10     | Reached * piety under Vehumet
 10548 | D:10     | Offered knowledge of Shock by Vehumet.
 10572 | D:10     | Found a staircase to the Lair.
 10991 | D:10     | Noticed Sonja
 11003 | D:10     | Killed Sonja
 11360 | D:11     | Noticed a green ugly thing
 11635 | D:11     | Killed a red ugly thing
 11658 | D:11     | Found a flagged portal.
 11670 | Bailey   | Entered a bailey
 11972 | Bailey   | Reached ** piety under Vehumet
 12614 | D:11     | Noticed a tengu reaver
 12620 | D:11     | Killed from afar by a tengu reaver

Vault maps used:
D:1:      sevenhm_arrival_forest_fort_large_3
D:2:      xom_teletrap_fun
D:3:      dancing_weapons_uskayaw, grunt_decor_resistance,
          kennysheep_nondescript, bh_walls_and_bars, uniq_natasha
D:5:      minmay_temple_entry_enclosed_plants, first_ration, serial_shops,
          nicolae_shop_crystal, st_stairs_6
D:6:      basic_altar, glass_columns_a, serial_bayou_ford_a, uniq_grinder,
          uniq_sigmund
D:7:      grunt_temple_overflow_opulence, grunt_ogre_cave, uniq_joseph,
          uniq_pikel, uniq_prince_ribbit1
D:8:      serial_shops, kennysheep_mini_moat, serial_bayou_pond_e
D:9:      minmay_overflow_temple_star_hex, orc_david_3, serial_shops,
          nicolae_shop_crystal
D:10:     erik_lair_island, basic_altar, uniq_sonja, uniq_grum
D:11:     minmay_sliced_demisemicircle, enter_bailey_2
Temple:   nicolae_temple_great_sept
Bailey:   bailey_axe_4, bailey

Skill      XL: |  1  2  3  4  5  6  7  8  9 10 11 |
---------------+----------------------------------+-----
Stealth        | 2 |  2.0
Dodging        | 2 |  2.0
Spellcasting   | 3 4 5 9 11 | 11.9
Ice Magic      | 4 5 6 8 11 13 | 13.2
Conjurations   | |  1.0

Action                   |  1- 3 |  4- 6 |  7- 9 | 10-12 || total
-------------------------+-------+-------+-------+-------++-------
Melee: Hand axe          |    11 |     1 |       |       ||    12
       Tailslap          |     1 |     9 |    21 |    46 ||    77
       Dagger            |       |   138 |   152 |   370 ||   660
Throw: Javelin           |       |     3 |    12 |    50 ||    65
       Stone             |       |       |       |     2 ||     2
 Cast: Freeze            |    42 |    55 |    45 |    58 ||   200
       Summon Ice Beast  |       |       |     8 |    24 ||    32
       Ozocubu's Armour  |       |       |    10 |    46 ||    56
       Throw Icicle      |       |       |    13 |    47 ||    60
 Abil: Evoke Berserk Rag |       |     1 |     6 |     3 ||    10
       Breathe Steam     |       |       |    18 |    23 ||    41
Evoke: Wand              |       |       |     7 |     5 ||    12
  Use: Scroll            |     2 |     2 |     1 |     9 ||    14
       Potion            |       |       |     1 |     3 ||     4
 Stab: Sleeping          |       |     5 |     4 |       ||     9
       Distracted        |       |       |     2 |     1 ||     3
       Invisible         |       |       |       |     3 ||     3
  Eat: Chunk             |       |     7 |    20 |    18 ||    45
       Ration            |       |       |     1 |     4 ||     5
Armor: Skin              |    14 |    44 |    83 |   302 ||   443
Dodge: Dodged            |    27 |   115 |   110 |   470 ||   722

Table legend:
 A = Spawn XP
 B = Non-spawn XP
 C = Spawn XP percentage of total XP
 D = Spawn monster count
 E = Non-spawn monster count
 F = Spawn count percentage of total count
 G = Total turns spent on level
                    A         B        C        D         E        F      G
               +---------+---------+-------+---------+---------+-------+---------
         Total |       0 |   17153 |   0.0 |       0 |     326 |   0.0 | 12620
               +---------+---------+-------+---------+---------+-------+---------
           D:1 |       0 |      27 |   0.0 |       0 |      15 |   0.0 |   720
           D:2 |       0 |     104 |   0.0 |       0 |      27 |   0.0 |   592
           D:3 |       0 |     300 |   0.0 |       0 |      34 |   0.0 |  1165
           D:4 |       0 |     511 |   0.0 |       0 |      17 |   0.0 |   867
           D:5 |       0 |     626 |   0.0 |       0 |      20 |   0.0 |  1302
           D:6 |       0 |    1963 |   0.0 |       0 |      37 |   0.0 |  1067
           D:7 |       0 |    2372 |   0.0 |       0 |      22 |   0.0 |  1441
           D:8 |       0 |    2089 |   0.0 |       0 |      36 |   0.0 |  1174
           D:9 |       0 |    1701 |   0.0 |       0 |      36 |   0.0 |   730
          D:10 |       0 |    5300 |   0.0 |       0 |      44 |   0.0 |  2662
          D:11 |       0 |    1418 |   0.0 |       0 |      11 |   0.0 |   215
        Bailey |       0 |     742 |   0.0 |       0 |      27 |   0.0 |   599
               +---------+---------+-------+---------+---------+-------+---------
